Map: Site Delta LE

Players

IlIlIlIlIlIl - Winner!

  • Race: Terran Terran
  • League: Diamond
  • Spawn Location: 11:00

SubN

  • Race: Zerg Zerg
  • League: Diamond
  • Spawn Location: 5:00

VOD

Have the link to the VOD?

Description

Time

  • Played on: Nov. 18, 2023, 4:28 p.m.
  • Length: 15:03
Show
View Real Time Build Order
Export as new Build Order

IlIlIlIlIlIl Terran - Winner!

Build Orders: Reaper Expand 

Get SALT Encoding   

  12  0:00  SCV  
  13  0:13  SCV  
  14  0:19  Supply Depot  
  14  0:25  SCV  
  15  0:41  SCV  
  16  0:43  Barracks  
  16  0:47  Refinery  
  16  0:53  SCV  
  17  1:05  SCV  
  18  1:17  SCV  
  19  1:30  Orbital Command  
  19  1:31  Reaper  
  20  1:40  Command Center  
  20  1:50  Supply Depot  
  20  1:55  SCV  
  21  2:03  Marine  
  21  2:07  SCV  
  23  2:12  Factory  
  23  2:18  Bunker  
  23  2:20  SCV  
  24  2:24  Refinery  
  24  2:36  SCV  
  25  2:38  Barracks Reactor  
  25  2:48  SCV  
  25  2:52  Orbital Command  
  25  2:58  Factory Tech Lab  
  25  3:00  SCV  
  26  3:13  SCV  
  26  3:19  Marine x2, Siege Tank  
  31  3:20  Orbital Command  
  31  3:25  SCV  
  32  3:37  Marine x2, SCV  
  35  3:48  SCV  
  36  3:49  Command Center  
  36  3:50  SCV  
  37  4:02  Engineering Bay x2  
  37  4:04  SCV  
  37  4:05  SCV  
  39  4:13  Hellion x2  
  43  4:18  SCV x2  
  43  4:23  Orbital Command  
  45  4:24  Marine  
  45  4:25  Stimpack  
  45  4:29  Terran Infantry Armor Level 1, Terran Infantry Weapons Level 1  
  46  4:44  SCV  
  45  4:52  SCV  
  46  5:01  Hellion x2, SCV  
  46  5:03  Supply Depot  
  46  5:05  Supply Depot, SCV  
  52  5:08  Orbital Command  
  52  5:18  SCV x2  
  52  5:21  Armory  
  54  5:24  Hellion x2  
  58  5:33  SCV x2  
  60  5:35  Refinery  
  60  5:36  Refinery  
  60  5:38  Orbital Command  
  60  5:44  Barracks x2  
  60  5:47  SCV x2  
  62  5:54  Factory Reactor  
  62  5:55  Marine  
  63  5:59  SCV  
  63  6:00  SCV  
  63  6:01  Barracks x2  
  63  6:03  SCV  
  66  6:11  SCV  
  66  6:12  SCV  
  66  6:14  Supply Depot x2  
  68  6:23  SCV  
  68  6:24  SCV x2  
  71  6:27  Marine  
  71  6:28  Combat Shield  
  72  6:33  Starport  
  72  6:35  SCV  
  72  6:36  SCV x2  
  75  6:40  Supply Depot x2  
  75  6:41  Terran Infantry Armor Level 2, Terran Infantry Weapons Level 2, Factory Reactor  
  75  6:44  Terran Ship Weapons Level 1  
  75  6:47  SCV  
  75  6:48  SCV x2  
  75  6:50  Marine x4  
  75  6:51  Marine  
  75  6:53  Barracks Reactor  
  83  6:55  Barracks Reactor  
  83  6:59  SCV  
  83  7:00  SCV  
  83  7:01  SCV  
  86  7:08  Marine x4  
  88  7:09  Marine  
  88  7:11  SCV  
  92  7:17  Barracks  
  92  7:18  Barracks  
  92  7:19  Barracks  
  92  7:23  SCV x3  
  92  7:26  Refinery  
  92  7:28  Marine x3  
  92  7:29  Marine x3  
  101  7:30  Marine  
  102  7:39  Factory Reactor, Supply Depot x2  
  102  7:41  Marine  
  102  7:42  Marine  
  104  7:44  Medivac x2  
  104  7:46  Marine  
  109  7:53  Command Center  
  109  8:00  Marine x8  
  109  8:02  Factory  
  109  8:04  Marine  
  118  8:08  Barracks Tech Lab x2  
  118  8:10  Barracks Tech Lab  
  118  8:14  Medivac x2  
  118  8:18  Marine x3  
  125  8:21  Supply Depot  
  125  8:23  Supply Depot  
  125  8:43  Marauder, Supply Depot, Marine x4, Widow Mine  
  125  8:44  Marine x3  
  125  8:45  Marauder, Factory Tech Lab, SCV, Widow Mine  
  125  8:46  Supply Depot  
  141  9:04  Marine x8  
  141  9:05  Marauder x3  
  141  9:06  Marauder  
  141  9:07  Supply Depot  
  141  9:08  Supply Depot  
  157  9:22  Marine x2  
  157  9:26  Marauder x2  
  157  9:34  Marine x6  
  157  9:35  Marauder  
  157  9:36  Marauder  
  163  9:40  Supply Depot  
  163  9:42  Supply Depot  
  163  9:45  Marine x2  
  165  9:48  Marauder x2, Drilling Claws, Widow Mine x3  
  165  9:50  Medivac x2  
  165  9:52  Marine, Terran Infantry Weapons Level 3  
  180  9:53  Terran Infantry Armor Level 3  
  180  9:57  Marauder, Terran Ship Weapons Level 2  
  182  10:10  Missile Turret, Planetary Fortress  
  182  10:11  Missile Turret  
  182  10:21  Marine x7  
  183  10:22  Marine  
  183  10:23  Marauder x2  
  183  10:24  Marauder x2  
  198  10:37  Widow Mine  
  198  10:38  Widow Mine  
  167  10:44  Marauder  
  161  11:04  Missile Turret  
  161  11:06  Missile Turret  
  161  11:11  Marine x5  
  151  11:12  Marine x7  
  151  11:14  Thor, Widow Mine  
  151  11:15  Widow Mine  
  155  11:29  Marine x10  
  155  11:30  Marine x2  
  78  12:25  Marine  
  78  12:26  Marine x11  
  90  12:30  SCV  
  90  12:33  SCV  
  90  12:34  Command Center  
  90  12:36  SCV  
  93  12:43  Marine x4  
  93  12:44  Marine x8  
  92  12:46  SCV x2  
  92  12:48  SCV  
  99  12:58  SCV x2  
  101  13:00  SCV  
  101  13:01  Marine x10, Widow Mine x2  
  101  13:02  Thor, Marine x2  
  101  13:04  Medivac  
  101  13:05  Medivac  
  128  13:10  SCV x2  
  130  13:15  SCV  
  130  13:19  Marine x12  
  143  13:35  Widow Mine  
  143  13:36  Marine  
  143  13:37  Marine x11, Widow Mine  
  159  13:45  Thor  
  165  13:53  SCV  
  165  13:54  Orbital Command, Marine  
  165  13:55  Marine x11  
  178  13:58  SCV x2  
  180  14:05  SCV  
  180  14:09  Refinery  
  181  14:10  Refinery, SCV x2  
  181  14:12  Refinery  
  181  14:14  Refinery  
  186  14:27  Marine  
  186  14:28  Marine x10  
  186  14:29  Marine  
  186  14:31  Widow Mine  
  199  14:43  Missile Turret  
  199  14:44  Missile Turret  
  199  14:46  Missile Turret  
Show
View Real Time Build Order
Export as new Build Order

SubN Zerg 

Build Orders: Pool First 

Get SALT Encoding   

  12  0:01  Drone  
  13  0:09  Drone  
  14  0:14  Extractor  
  13  0:28  Spawning Pool  
  12  1:01  Hatchery  
  11  1:18  Queen  
  13  1:33  Metabolic Boost  
  13  1:38  Overlord  
  13  1:42  Zergling x2  
  14  1:57  Zergling x2  
  14  1:58  Zergling x2  
  18  2:17  Queen  
  18  2:21  Zergling x2  
  18  2:22  Zergling x4  
  20  2:37  Zergling x2  
  20  2:38  Zergling x6  
  24  2:45  Zergling x4  
  25  3:13  Zergling x2  
  25  3:14  Zergling x2  
  25  3:15  Overlord  
  27  3:33  Drone  
  27  3:34  Drone x2, Overlord  
  30  3:36  Drone x2  
  31  3:43  Drone  
  31  3:45  Drone  
  33  3:50  Drone  
  33  3:53  Drone  
  35  3:58  Drone  
  35  4:00  Drone  
  37  4:08  Drone x3  
  40  4:14  Overlord  
  40  4:19  Overlord  
  40  4:22  Drone  
  41  4:24  Drone  
  41  4:25  Drone  
  43  4:32  Drone x3  
  43  4:37  Drone x2  
  37  4:55  Evolution Chamber  
  37  4:56  Evolution Chamber  
  35  5:04  Extractor  
  34  5:10  Spine Crawler  
  34  5:12  Drone x3  
  34  5:13  Drone x2  
  38  5:16  Queen  
  40  5:23  Drone x8  
  48  5:32  Lair  
  48  5:38  Extractor  
  48  5:40  Extractor  
  46  5:47  Baneling Nest  
  45  5:52  Queen  
  45  5:55  Hatchery  
  46  6:02  Drone x3  
  46  6:03  Drone x5  
  54  6:10  Zerg Melee Weapons Level 1  
  54  6:16  Overlord  
  54  6:19  Overlord  
  54  6:24  Overlord  
  54  6:31  Drone  
  54  6:32  Spire  
  54  6:44  Zerg Ground Armor Level 1  
  54  6:45  Zergling x8  
  54  6:46  Zergling x6  
  61  6:50  Queen  
  61  6:51  Queen  
  65  6:56  Spore Crawler  
  65  6:58  Drone  
  65  6:59  Spore Crawler  
  68  7:08  Drone x8  
  72  7:25  Spine Crawler  
  72  7:26  Queen x2  
  75  7:33  Overseer  
  75  7:44  Drone x11  
  75  7:48  Overlord, Extractor  
  75  7:49  Extractor  
  83  7:55  Centrifugal Hooks  
  83  7:56  Zerg Flyer Weapons Level 1  
  83  8:00  Drone x3  
  83  8:01  Drone  
  83  8:02  Drone  
  88  8:07  Drone  
  88  8:09  Spore Crawler  
  88  8:18  Zergling x2  
  88  8:19  Zergling x8  
  93  8:22  Baneling  
  93  8:23  Baneling x12  
  93  8:27  Zerg Melee Weapons Level 2  
  93  8:31  Overlord x5  
  93  8:32  Overlord  
  93  8:41  Mutalisk  
  93  8:42  Mutalisk  
  97  8:52  Mutalisk x6  
  109  9:05  Zergling x2  
  109  9:06  Zergling x10  
  114  9:30  Drone x4  
  111  9:31  Drone x2  
  111  9:34  Drone  
  114  9:47  Mutalisk  
  114  9:48  Mutalisk x6  
  128  10:01  Drone  
  128  10:05  Zergling x6  
  128  10:06  Zergling x2  
  133  10:09  Baneling x5  
  133  10:10  Baneling x5  
  133  10:16  Hatchery  
  133  10:19  Zergling x2  
  133  10:20  Zergling x4  
  135  10:22  Overlord  
  135  10:25  Queen  
  137  10:29  Hatchery  
  117  10:43  Zergling x2  
  117  10:44  Zergling x20  
  117  10:49  Baneling x4  
  126  10:50  Baneling  
  120  10:57  Zergling x4  
  118  11:05  Baneling x6  
  118  11:06  Baneling x10  
  118  11:07  Zergling x8  
  120  11:21  Zergling x2  
  120  11:22  Zergling x2  
  91  11:33  Zergling x2  
  91  11:34  Zergling x4  
  90  11:40  Baneling x11  
  90  11:41  Baneling x3  
  90  11:42  Zergling x4  
  71  11:50  Zergling x4  
  43  12:04  Zergling x8  
  39  12:18  Zergling x6  
  39  12:20  Baneling  
  39  12:21  Baneling x3  
  42  12:23  Zergling x2  
  42  12:26  Queen  
  45  12:31  Zergling x4  
  40  12:56  Hatchery  
  39  13:07  Hatchery  
  39  13:08  Hatchery  
  36  13:54  Drone x18  
  54  14:10  Drone x7  
  54  14:11  Queen  
  63  14:19  Queen  
  65  14:33  Drone x5  
  70  14:50  Extractor  
Tags
 
Add a new tag
Caveats
  • Supply blocks, unpowered buildings, or Contaminate may cause inaccurate times.
  • Supply counts are checked every 10 seconds.